 Dungeon Crawl Stone Soup version 0.28.0-53-g5a82cb258f (webtiles) character file.

Game seed: 7661216638557553015

28 pkoi the Insei (level 2, 0/24 HPs)
             Began as a Demigod Gladiator on June 5, 2022.
             Frozen to death by an endoplasm (5 damage)
             ... on level 2 of the Dungeon.
             The game lasted 00:01:28 (1239 turns).

pkoi the Insei (Demigod Gladiator)                  Turns: 1239, Time: 00:01:29

Health: 0/24       AC: 11    Str: 15    XL:     2   Next: 75%
Magic:  4/4        EV:  4    Int: 10    God:
Gold:   36         SH:  0    Dex: 15    Spells: 1/1 levels left

rFire   . . .      SeeInvis .   h - +0 hand axe (venom)
rCold   . . .      Faith    .   (no shield)
rNeg    . . .      Spirit   .   d - +0 plate armour
rPois   .          Reflect  .   b - +0 helmet
rElec   .          Harm     .   (no cloak)
rCorr   .          Rampage  .   (no gloves)
Will    .....                   (no boots)
Stlth   ..........              (no amulet)
HPRegen 0.08/turn               (no ring)
MPRegen 0.09/turn               (no ring)

@: no status effects
A: high MP 1, forlorn, divine attributes
a: no special abilities


You were on level 2 of the Dungeon.
You visited 1 branch of the dungeon, and saw 2 of its levels.

You collected 36 gold pieces.

Inventory:

Hand Weapons
 f - a +0 mace
 g - a +0 whip
 h - a +0 hand axe of venom (weapon)
Missiles
 c - 3 throwing nets (quivered)
Armour
 a - a +0 leather armour
 b - a +0 helmet (worn)
 d - a +0 plate armour (worn)


   Skills:
 - Level 1.7 Fighting
 - Level 1.7 Throwing
 - Level 2.6 Dodging
 + Level 3.8 Unarmed Combat


You had one spell level left.
You didn't know any spells.
Your spell library was empty.

Dungeon Overview and Level Annotations

Branches:
Dungeon (2/15)

Annotations:
D:1 Terence


Innate Abilities, Weirdness & Mutations

You have an increased reservoir of magic. (+10% MP)
You shall have no god before yourself.
Your divine heritage dramatically boosts your attributes as you level up.


Message History

Terence is moderately wounded.
Terence hits you with a +0 flail.
* * * LOW HITPOINT WARNING * * *
Unknown command.
Terence says, "Rest in peace."
Terence shouts, "Now you die!" Terence says, "How do you enjoy it?"
There is a stone staircase leading up here.
Terence hits you with a +0 flail.
* * * LOW HITPOINT WARNING * * *
You climb upwards.
There is a stone staircase leading down here.
Unknown command.
Unknown command.
Terence hits you but does no damage.
Terence bares his teeth.
Terence hits you with a +0 flail.
* * * LOW HITPOINT WARNING * * *
There is an escape hatch in the floor here.
You aren't carrying any potions.
As you read the scroll labelled ZAEJAZ PAGOFY, it crumbles to dust.
It is a scroll of identify.
You don't have any unidentified items.
Terence hits you but does no damage.
Terence bares his teeth.
Terence shouts, "Now you die!"
You closely miss Terence. Terence hits you but does no damage.
Terence hits you with a +0 flail.
* * * LOW HITPOINT WARNING * * *
You hit Terence.
Terence is poisoned.
Terence is lightly wounded.
Terence barely misses you. Terence screams, "I want your blood!"
Terence screams, "I want your blood!"
There is a stone staircase leading down here.
You climb downwards.
The endoplasm hits you but does no damage.
The endoplasm freezes you.
You are frozen.
You die...

#....#####.......#######.##
#..........................
#.....####.......#######.##
#.....# #.......# #.#
#.....# #.......# #.#
#.....####.......# #.#
#.....#..........# #.#
#.....#.##J......##### #.#
##........@#.........# #.#
#####.#.#..#.........# #.#
...........#.........# #.#
##...................###.#
#.........#...........#.#
+.........#.............#
#.........#..........####
#########............#
#............# #.


You could see an endoplasm.

Vanquished Creatures
  2 dart slugs (D:1)
  3 ball pythons (D:1)
  2 bats
  7 endoplasms
  A hobgoblin (D:1)
  A kobold (D:2)
  A quokka (D:1)
  2 frilled lizards
  2 rats
21 creatures vanquished.

Notes
Turn   | Place    | Note
-------+----------+-------------------------------------------
     0 | D:1      | pkoi the Demigod Gladiator began the quest for the Orb.
     0 | D:1      | Reached XP level 1. HP: 17/17 MP: 3/3
   154 | D:1      | Reached skill level 3 in Unarmed Combat
   406 | D:1      | Reached XP level 2. HP: 24/24 MP: 4/4
  1114 | D:2      | Noticed Terence
  1239 | D:2      | Frozen to death by an endoplasm

Illustrated notes

Levels and vault maps discovered:
D:1:      heliophobic_arrival_ceremonial_halls, layout_loops_cross
D:2:      layout_basic, ebering_ecumenical_altar_abandoned, uniq_terence

Skill      XL: |  1 |
---------------+----+-----
Unarmed Combat | 3 |  3.8
Fighting       | |  1.7
Throwing       | |  1.7
Dodging        | |  2.6

Action                   || total
-------------------------++-------
Melee: Unarmed           ||    66
       Hand axe          ||    12
  Use: Scroll            ||     1
Armor: Plate armour      ||    41
       Leather armour    ||     4
Dodge: Dodged            ||    22
